 Dungeon Crawl Stone Soup version 0.24.0-124-g2791043dd8 (webtiles) character file.

Game seed: 1102700298118178288, levelgen mode: deterministic

11785 Amplified the Whirler (level 12, -14/79 HPs)
             Began as a Halfling Hunter on Feb 14, 2020.
             Was a High Priest of Okawaru.
             Killed from afar by a tengu reaver (41 damage)
             ... with a bolt of magma
             ... on level 12 of the Dungeon.
             The game lasted 00:18:45 (9728 turns).

Amplified the Whirler (Halfling Hunter)             Turns: 9728, Time: 00:18:46

Health: -14/79     AC: 10    Str: 17    XL:     12   Next: 12%
Magic:  15/16      EV: 25    Int: 11    God:    Okawaru [*****.]
Gold:   101        SH:  0    Dex: 20    Spells: 11/11 levels left

rFire    . . .     SeeInvis .   I - +4 hunting sling "Emoa" {flame, Int+2}
rCold    . . .     Gourm    .   (shield restricted)
rNeg     . . .     Faith    .   c - +0 leather armour
rPois    .         Spirit   .   (no helmet)
rElec    .         Reflect  .   L - +1 cloak
rCorr    +         Harm     .   P - +2 pair of gloves
MR       .....                  (no boots)
Stlth    +++++.....             (no amulet)
HPRegen  0.23/turn              b - +4 ring of strength
MPRegen  0.15/turn              B - ring of resist corrosion

@: heroism
A: small, mutation resistance 1
a: Heroism, Finesse, Renounce Religion


You were on level 12 of the Dungeon.
You worshipped Okawaru.
Okawaru was extremely pleased with you.
You were hungry.

You visited 1 branch of the dungeon, and saw 10 of its levels.

You collected 471 gold pieces.
You spent 370 gold pieces at shops.

Inventory:

Hand Weapons
 a - a cursed +6 scimitar of freezing
 y - a +4 scimitar of flaming
 F - a +2 long sword of holy wrath
 I - the +4 hunting sling "Emoa" (weapon) {flame, Int+2}
   (Okawaru gifted it to you on level 8 of the Dungeon)

   It causes projectiles fired from it to burn those they strike, causing extra
   injury to most foes and up to half again as much damage against particularly
   susceptible opponents.
   It affects your intelligence (+2).
Missiles
 d - 112 sling bullets (quivered)
 g - 185 stones
 j - 23 poisoned darts
Armour
 c - a +0 leather armour (worn)
 A - a +1 pair of gloves of dexterity
 L - a +1 cloak (worn)
 P - a +2 pair of gloves (worn)
Jewellery
 b - a +4 ring of strength (left hand)
 k - an uncursed ring of ice
 B - a ring of resist corrosion (right hand)
 K - an uncursed ring of stealth
Wands
 p - a wand of enslavement (18)
 u - a wand of random effects (9)
 z - a wand of polymorph (9)
 G - a wand of digging (2)
 H - a wand of iceblast (11)
Scrolls
 e - 4 scrolls of teleportation
 n - 5 scrolls of remove curse
 q - a scroll of amnesia
 s - 2 scrolls of immolation
 M - a scroll of fog
Potions
 h - 3 potions of lignification
 i - 2 potions of haste
 l - 3 potions of heal wounds
 m - 3 potions of degeneration
 o - a potion of cancellation
 r - a potion of might
 t - 3 potions of curing
 v - 2 potions of brilliance
 w - a potion of invisibility
 x - 3 potions of agility
 C - a potion of flight
 D - a potion of ambrosia
Miscellaneous
 E - a phantom mirror
 J - a box of beasts
Comestibles
 f - 18 rations


   Skills:
 * Level 6.2(11.2) Fighting
 - Level 15.2(20.2) Slings
 * Level 6.5(11.5) Armour
 * Level 7.4(12.4) Dodging
 * Level 7.4(12.4) Stealth
 * Level 6.4 Invocations
 * Level 5.9 Evocations


You had 11 spell levels left.
You didn't know any spells.
Your spell library contained the following spells:

 Spells                   Type           Power        Failure   Level  Hunger
 Freeze                   Ice            #...         38%         1    ##.....
 Infusion                 Chrm           #...         38%         1    ##.....
 Shroud of Golubria       Chrm/Tloc      #.....       52%         2    ###....
 Spider Form              Tmut/Pois      #.........   77%         3    ####...
 Ice Form                 Ice/Tmut       #.......     99%         4    #####..
 Alistair's Intoxication  Tmut/Pois      #.......     100%        5    ######.
 Excruciating Wounds      Chrm/Necr      #.........   100%        5    ######.
 Metabolic Englaciation   Hex/Ice        #.........   100%        5    ######.
 Yara's Violent Unravell  Hex/Tmut       #.........   100%        5    ######.


Dungeon Overview and Level Annotations

Branches:
Dungeon (9/15)             Temple (0/1) D:5            Lair (0/6) D:8
    Orc (0/2) D:9

Altars:
Ashenzari
Gozag
Hepliaklqana
Kikubaaqudgha
Makhleb
Nemelex Xobeh
Okawaru
Sif Muna
Trog
Uskayaw
Xom
Yredelemnul
Zin

Shops:
D:4 !   D:6 *   D:12 %*

Portals:
Trove: D:12 (give 13 potions of heal wounds)

Annotations:
D:7 3 runed translucent doors, DungeonDestroyer's ghost, novice GnSk
D:8 3 runed translucent doors, LambertSimnel's ghost, novice OpTm; SirRappy's ghost, novice MiBe; Xerdoz's ghost, novice TrHu; fritzmikael's ghost, novice GnHu


Innate Abilities, Weirdness & Mutations

You are small and have problems with some larger weapons.
You are somewhat resistant to further mutation.


Message History

The tengu reaver blocks the sling bullet.
The tengu reaver drinks a potion.
The tengu reaver is healed!
Unknown command.
The adder closely misses you.
Firing (i - inventory. (/) - cycle)
d - 114 sling bullets (quivered)
Press: ? - help, Shift-Dir - straight line, f/p - tengu reaver
Aim: a tengu reaver, wielding a +2 long sword, wearing a cursed +0 ring mail and wearing a +0 buckler (severely wounded)
You shoot a sling bullet. The sling bullet hits the adder!
The sling bullet burns the adder.
You kill the adder!
Okawaru accepts your kill.
Firing (i - inventory. (/) - cycle)
d - 113 sling bullets (quivered)
Press: ? - help, Shift-Dir - straight line, f/p - tengu reaver
Aim: a tengu reaver, wielding a +2 long sword, wearing a cursed +0 ring mail and wearing a +0 buckler (severely wounded)
You shoot a sling bullet.
The sling bullet closely misses the tengu reaver.
The tengu reaver casts a spell at you. The bolt of magma hits you!!!
Ouch! That really hurt!
You die...

#.##.##.#######....#
#.#...#.#..........#
#.#.#.#.#..........#
#.#.#∩#.#..........#
#.#.###.#......∩....
#.#..#..#...........
#.##...##...........
#..##.##.((###.+##+#
##.@###.(#.((.∩.∩...
##.Q#.(##.....(....
##.(.##....#∩.∩...
##.##.....#..#...
#######..#..####
#..#.....#
#..#......
#..+......
#####..#..####


You could see a tengu reaver.

Vanquished Creatures
  A sphinx (D:12)
  3 two-headed ogres
  Erica (D:9)
  Maurice (D:8)
  Joseph (D:7)
  An efreet (D:12)
  Grinder (D:6)
  A wyvern (D:12)
  11 yaks
  2 steam dragons (D:9)
  A basilisk (D:8)
  4 wargs
  Duvessa (D:7)
  A water moccasin (D:9)
  3 porcupines (D:8)
  2 sky beasts (D:6)
  2 phantoms
  A black bear (D:9)
  An orc warrior (D:9)
  A necrophage (D:3)
  4 ogres
  3 centaurs
  3 crocodiles
  3 bullfrogs
  A wyvern skeleton (D:6)
  A water moccasin skeleton (D:7)
  5 scorpions
  11 wights
  A howler monkey (D:4)
  3 crimson imps
  A quasit (D:6)
  3 hounds
  A centaur zombie (D:9)
  A jelly (D:6)
  3 orc priests
  A centaur skeleton (D:9)
  Jessica (D:3)
  4 iguanas
  Natasha (thrice) (D:3)
  Ijyb (D:5)
  8 worker ants
  A hound zombie (D:5)
  2 howler monkey skeletons
  11 adders
  An ooze (D:2)
  4 adder skeletons
  7 worms
  2 dart slugs
  3 leopard geckos
  19 orcs
  A ball python (D:6)
  4 giant cockroaches
  A goblin (D:1)
  3 hobgoblins (D:1)
  4 jackals (D:6)
  4 quokkas
  6 bats
  5 frilled lizards
  A giant cockroach zombie (D:6)
  7 kobolds
  A leopard gecko skeleton (D:6)
  2 quokka zombies
  10 rats
201 creatures vanquished.

Vanquished Creatures (collateral kills)
  Dowan (D:7)
  A leopard gecko skeleton (D:7)
2 creatures vanquished.

Vanquished Creatures (others)
  2 wights (D:6)
  15 plants (D:8)
  2 withered plants (D:8)
19 creatures vanquished.

Grand Total: 222 creatures vanquished

Notes
Turn   | Place    | Note
-------+----------+-------------------------------------------
     0 | D:1      | Amplified the Halfling Hunter began the quest for the Orb.
     0 | D:1      | Reached XP level 1. HP: 14/14 MP: 1/1
     6 | D:1      | Noticed an iguana
     6 | D:1      | Noticed a polar bear
     7 | D:1      | Noticed a salamander
     7 | D:1      | Noticed a wyvern
   140 | D:1      | Reached skill level 6 in Slings
   234 | D:1      | Reached XP level 2. HP: 19/19 MP: 2/2
   688 | D:2      | Reached XP level 3. HP: 24/24 MP: 3/3
   800 | D:2      | You fall into a shaft and drop 2 floors!
   824 | D:4      | Found an iron altar of Okawaru.
   845 | D:4      | Became a worshipper of Warmaster Okawaru
   849 | D:4      | Reached skill level 7 in Slings
   849 | D:4      | Reached XP level 4. HP: 30/30 MP: 4/4
   967 | D:3      | Noticed Natasha
   975 | D:3      | Killed Natasha
   978 | D:3      | Reached XP level 5. HP: 22/35 MP: 5/5
  1213 | D:3      | Noticed Jessica
  1220 | D:3      | Killed Jessica
  1306 | D:3      | Noticed Natasha
  1313 | D:3      | Killed Natasha
  1313 | D:3      | Reached skill level 8 in Slings
  1595 | D:3      | Found a shattered altar of Ashenzari.
  1606 | D:3      | Noticed a necrophage
  1615 | D:3      | Killed a necrophage
  1615 | D:3      | Reached skill level 9 in Slings
  1615 | D:3      | Reached XP level 6. HP: 26/41 MP: 6/6
  1740 | D:3      | Noticed Natasha
  1742 | D:3      | Killed Natasha
  1892 | D:3      | Found a glowing silver altar of Zin.
  2039 | D:2      | Reached * piety under Okawaru
  2039 | D:2      | Reached skill level 10 in Slings
  2548 | D:4      | Found a hazy altar of Hepliaklqana.
  2599 | D:4      | Reached XP level 7. HP: 45/45 MP: 7/7
  2634 | D:4      | Found an opulent altar of Gozag.
  2870 | D:4      | Reached skill level 11 in Slings
  3011 | D:4      | Found Nuleerimp's Distillery.
  3019 | D:4      | Bought a potion of curing for 39 gold pieces
  3019 | D:4      | Bought a potion of might for 52 gold pieces
  3019 | D:4      | Bought a potion of agility for 52 gold pieces
  3019 | D:4      | Bought a potion of heal wounds for 65 gold pieces
  3433 | D:5      | Entered Level 5 of the Dungeon
  3457 | D:5      | Noticed Ijyb
  3472 | D:5      | Killed Ijyb
  3651 | D:5      | Found a staircase to the Ecumenical Temple.
  3875 | D:5      | Reached ** piety under Okawaru
  3875 | D:5      | Reached skill level 12 in Slings
  3875 | D:5      | Reached XP level 8. HP: 51/51 MP: 8/8
  3989 | D:5      | Found a sparkling altar of Nemelex Xobeh.
  4087 | D:5      | Reached skill level 1 in Armour
  4087 | D:5      | Reached skill level 1 in Invocations
  4468 | D:6      | Reached skill level 1 in Evocations
  4489 | D:6      | Noticed a moth of wrath
  4492 | D:6      | Found a bloodstained altar of Trog.
  4768 | D:6      | Found a burning altar of Makhleb.
  4768 | D:6      | Noticed a cacodemon
  4771 | D:6      | Noticed a ynoxinul
  4771 | D:6      | Noticed an orange demon
  4824 | D:6      | Noticed a +0 dagger
  4825 | D:6      | Found a hide-covered altar of Uskayaw.
  4825 | D:6      | Noticed a +0 hand axe
  4854 | D:6      | Reached *** piety under Okawaru
  4872 | D:6      | Reached XP level 9. HP: 39/57 MP: 10/10
  5159 | D:6      | Found a shimmering altar of Xom.
  5307 | D:6      | Found Veunk's General Store.
  5509 | D:6      | Bought a scroll of teleportation for 42 gold pieces
  5529 | D:6      | Noticed Grinder
  5531 | D:6      | Killed Grinder
  5723 | D:6      | Identified a scroll of acquirement
  5727 | D:6      | Got a bloodstained fustibalus
  5728 | D:6      | Identified the +1 fustibalus "Wicirchu" {flame, *Slow rPois
                  | Int+2} (You acquired it on level 6 of the Dungeon)
  5883 | D:7      | Found a shattered altar of Ashenzari.
  5886 | D:7      | Found a shimmering blue altar of Sif Muna.
  5898 | D:7      | Found an ancient bone altar of Kikubaaqudgha.
  5899 | D:7      | Found a basalt altar of Yredelemnul.
  5973 | D:7      | Noticed Duvessa
  5973 | D:7      | Noticed Dowan
  5992 | D:7      | Killed Dowan
  6023 | D:7      | Killed Duvessa
  6168 | D:7      | Noticed DungeonDestroyer's ghost (novice GnSk)
  6180 | D:7      | Noticed a two-headed ogre
  6193 | D:7      | Killed a two-headed ogre
  6193 | D:7      | Reached **** piety under Okawaru
  6193 | D:7      | Received a gift from Okawaru
  6193 | D:7      | Reached skill level 14 in Slings
  6193 | D:7      | Reached XP level 10. HP: 37/63 MP: 12/12
  6316 | D:7      | Found a runed translucent gate.
  6318 | D:7      | Found a runed translucent gate.
  6319 | D:7      | Found a runed translucent gate.
  6413 | D:7      | Noticed Joseph
  6512 | D:7      | Killed Joseph
  6512 | D:7      | Received a gift from Okawaru
  6512 | D:7      | Reached skill level 15 in Slings
  6718 | D:8      | Noticed Maurice
  6728 | D:8      | Killed Maurice
  6728 | D:8      | Reached skill level 5 in Dodging
  6897 | D:8      | Noticed a two-headed ogre
  6898 | D:8      | Reached ***** piety under Okawaru
  6906 | D:8      | Killed a two-headed ogre
  6906 | D:8      | Received a gift from Okawaru
  6906 | D:8      | Reached skill level 5 in Stealth
  6935 | D:8      | Received a gift from Okawaru
  6936 | D:8      | Got a polished hunting sling {god gift}
  6942 | D:8      | Identified the +4 hunting sling "Emoa" {flame, Int+2}
                  | (Okawaru gifted it to you on level 8 of the Dungeon)
  7276 | D:8      | Reached XP level 11. HP: 51/70 MP: 14/14
  7279 | D:8      | Reached skill level 5 in Fighting
  7542 | D:8      | Found a staircase to the Lair.
  7622 | D:8      | Found a runed translucent gate.
  7622 | D:8      | Found a runed translucent gate.
  7622 | D:8      | Found a runed translucent gate.
  7622 | D:8      | Noticed Xerdoz's ghost (novice TrHu)
  7623 | D:8      | Noticed fritzmikael's ghost (novice GnHu)
  7623 | D:8      | Noticed SirRappy's ghost (novice MiBe)
  7623 | D:8      | Noticed LambertSimnel's ghost (novice OpTm)
  7972 | D:9      | Reached skill level 5 in Armour
  8004 | D:9      | Noticed a two-headed ogre
  8013 | D:9      | Killed a two-headed ogre
  8013 | D:9      | Reached skill level 5 in Invocations
  8098 | D:9      | Reached skill level 5 in Evocations
  8319 | D:9      | Found a staircase to the Orcish Mines.
  8319 | D:9      | Noticed Erica
  8869 | D:9      | Killed Erica
  9409 | D:9      | You fall into a shaft and drop 3 floors!
  9445 | D:12     | Noticed a sphinx
  9465 | D:12     | Paralysed by a sphinx for 3 turns
  9470 | D:12     | Killed a sphinx
  9470 | D:12     | Received a gift from Okawaru
  9470 | D:12     | Reached XP level 12. HP: 58/79 MP: 9/16
  9533 | D:12     | Identified the Tome of the Final Dreams
  9538 | D:12     | Identified the Tome of Mutagenic Boosts
  9606 | D:12     | Found Hiuso's General Store.
  9614 | D:12     | Bought a potion of ambrosia for 120 gold pieces
  9617 | D:12     | Found Matux's Food Shoppe.
  9670 | D:12     | Found a portal to a secret trove of treasure.
  9705 | D:12     | Noticed a tengu reaver
  9728 | D:12     | Killed from afar by a tengu reaver

Levels and vault maps discovered:
D:1:      onia_arrival_zoo_common, layout_basic, hangedman_abyss_or_decor_stabs,
          due_unseen_surprise
D:2:      minmay_alternating_diamond, layout_rooms
D:3:      layout_basic, zin_statuary, ashenzari_altar_1, uniq_natasha,
          uniq_jessica
D:4:      layout_loops_ring, overflow_temple_1_default, okawaru_gym_becter,
          nicolae_gozag_cash_rules_everything_around_me, serial_shops, shop,
          first_ration, minmay_ruptured
D:5:      layout_loops_corners, marbit_many_paths,
          minmay_temple_entry_statues_pillars, minmay_misc_feat_doors, uniq_ijyb
D:6:      layout_loops_ring, dancing_weapons_uskayaw, makhleb_altar_promises_db,
          tgw_trog, serial_shops, shop, basic_altar, uniq_grinder
D:7:      layout_basic, minitemple, gammafunk_ghost_icy,
          hangedman_abyss_or_decor_lesser_grid, uniq_joseph, uniq_duvessa
D:8:      layout_rooms, minmay_lair_entry_grove, gammafunk_ghost_cemetery,
          uniq_maurice
D:9:      cheibrodos_steamvent, layout_basic, minmay_orc_entry_guard_dogs,
          uniq_erica
D:12:     minmay_shoctagon, layout_irregular_city, basic_altar, serial_shops,
          nicolae_shop_behind_doors, shop,
          nicolae_shop_competitors_out_of_business, trove_entry_hex_spiral,
          minmay_the_grid_2x2 [minmay_the_grid_x, minmay_the_grid_dragon_b,
          minmay_the_grid_slots, minmay_the_grid_prize_diamond_cup]

Skill      XL: |  1  2  3  4  5  6  7  8  9 10 11 |
---------------+----------------------------------+-----
Slings         | 6 7 9 10 12 14 15 | 15.2
Fighting       | 2 3 4 6 |  6.2
Dodging        | 3 4 5 7 |  7.4
Armour         | 2 3 4 6 |  6.5
Invocations    | 2 3 4 6 |  6.4
Evocations     | 2 3 4 5 |  5.9
Stealth        | 3 4 5 7 |  7.4

Action                   |  1- 3 |  4- 6 |  7- 9 | 10-12 || total
-------------------------+-------+-------+-------+-------++-------
Melee: Unarmed           |       |       |    19 |       ||    19
       Hunting sling     |       |       |       |     1 ||     1
 Fire: Hunting sling     |    76 |   125 |   341 |   308 ||   850
       Fustibalus        |       |       |    60 |   101 ||   161
Throw: Dart              |       |       |     2 |       ||     2
Invok: Heroism           |       |       |     1 |     3 ||     4
       Finesse           |       |       |       |     1 ||     1
Evoke: Wand              |       |       |    11 |     6 ||    17
       Box of beasts     |       |       |       |     1 ||     1
  Use: Scroll            |     2 |     4 |    10 |     6 ||    22
       Potion            |       |       |     2 |     5 ||     7
  Eat: Chunk             |       |     4 |    11 |     3 ||    18
       Ration            |       |       |       |     2 ||     2
Armor: Leather armour    |       |     5 |    10 |    12 ||    27
Dodge: Dodged            |    18 |    32 |   102 |    90 ||   242
